 Dungeon Crawl Stone Soup version 0.21-a0-122-g43b3ea6 (webtiles) character file.

62 grindst0ne the Sneak (level 3, -8/16 HPs)
             Began as a Spriggan Enchanter on July 13, 2017.
             Killed by divine providence
             ... invoked by an orc priest
              (15 damage)
             ... on level 3 of the Dungeon.
             The game lasted 00:06:04 (2220 turns).

grindst0ne the Sneak (Spriggan Enchanter)           Turns: 2220, Time: 00:06:04

Health: -8/16      AC:  2    Str:  4    XL:     3   Next: 85%
Magic:  0/8        EV: 18    Int: 16    God:
Gold:   50         SH:  0    Dex: 17    Spells: 1/7 levels left

rFire    . . .     SeeInvis +   a - +1 dagger
rCold    . . .     Gourm    .   (shield restricted)
rNeg     . . .     Faith    .   b - +0 robe
rPois    .         Spirit   .   (helmet restricted)
rElec    .         Reflect  .   (no cloak)
rCorr    .         Harm     .   (gloves unavailable)
MR       .....                  (boots unavailable)
Stlth    +++.......             (no amulet)
HPRegen  0.05/turn              (no ring)
MPRegen  0.11/turn              (no ring)

@: very slightly contaminated, very quick
A: unfitting armour, see invisible, herbivore 3, speed 3, slow metabolism 2
a: no special abilities


You were on level 3 of the Dungeon.
You were very hungry.

You visited 1 branch of the dungeon, and saw 3 of its levels.

You collected 50 gold pieces.

Inventory:

Hand Weapons
 a - a +1 dagger (weapon)
Armour
 b - a +0 robe (worn)
 i - a cursed +0 pair of gloves
Jewellery
 g - an uncursed ring of positive energy {unknown}
 k - an uncursed ring of fire {unknown}
 p - a +4 amulet of reflection {unknown}
Scrolls
 e - a scroll of amnesia {unknown}
 f - 4 scrolls of identify {unknown}
 h - 2 scrolls of teleportation {unknown}
 q - a scroll of enchant weapon {unknown}
Potions
 l - a potion of agility {unknown}
 m - a potion of curing {unknown}
 n - a potion of lignification {unknown}
Books
 c - a book of Maledictions

   Spells                             Type                      Level
   a - Corona                         Hexes                        1
   b - Ensorcelled Hibernation        Hexes/Ice                    2
   c - Confuse                        Hexes                        3
   d - Tukima's Dance                 Hexes                        3
   e - Dazzling Spray                 Conjuration/Hexes            3
 o - a book of Misfortune

   Spells                             Type                      Level
   a - Confusing Touch                Hexes                        1
   b - Confuse                        Hexes                        3
   c - Gell's Gravitas                Translocation                3
   d - Petrify                        Transmutation/Earth          4
   e - Metabolic Englaciation         Hexes/Ice                    5
   f - Yara's Violent Unravelling     Hexes/Transmutation          5
Comestibles
 d - a bread ration
 j - 2 royal jellies


   Skills:
 - Level 1.1 Short Blades
 - Level 3.0 Dodging
 + Level 6.0 Stealth
 - Level 2.6 Spellcasting
 * Level 4.8 Hexes


You had one spell level left.
You knew the following spells:

 Your Spells              Type           Power        Failure   Level  Hunger
a - Corona                Hex            ###....      2%          1    #......
b - Confuse               Hex            ###.....     8%          3    ###....
z - Ensorcelled Hibernat  Hex/Ice        #.....       11%         2    ##.....


Dungeon Overview and Level Annotations

Branches:
Dungeon (3/15)

Altars:
Hepliaklqana


Innate Abilities, Weirdness & Mutations

You are very small and have problems with some larger weapons.
You are too small for most types of armour.
You have supernaturally acute eyesight. (SInv)
You are a herbivore.
You cover ground extremely quickly.
You need consume almost no food.


Message History

Aiming: Ensorcelled Hibernation
Press: ? - help, Shift-Dir - straight line, f/p - orc
Aim: an orc, wielding a hand axe (chance to defeat MR: 58%)
The orc resists with significant effort.
Casting: Ensorcelled Hibernation
Confirm with . or Enter, or press ? or * to list all spells.
Aiming: Ensorcelled Hibernation
Press: ? - help, Shift-Dir - straight line, f/p - orc
Aim: an orc, wielding a hand axe (chance to defeat MR: 58%)
The orc looks drowsy...
The orc priest mumbles some strange prayers to Beogh against you.
Beogh smites you!
Ouch! That really hurt!
The helpless orc fails to defend itself.
You impale the orc!!
You kill the orc!
The orc priest calls down the wrath of Beogh upon you.
Beogh smites you!
Ouch! That really hurt!
You die...

##......).....###
#####..###.###...)..#
#.....##...# #......#
....#...##.### #......#
#.......... ####......#
#......... ..........#
.........K#####.......#
.........oo.o.##....).#
..####oo..###@.#......#
.. o....# ##.#......# #
#.#......##
#..........#
#..........#
#..........#
#.########## #.# ##>##
..# 8...8#


You could see an orc priest, 2 orcs and a kobold.

Vanquished Creatures
  An adder (D:2)
  A worm (D:2)
  2 leopard geckos (D:1)
  An orc (D:3)
  6 bats
  3 giant cockroaches (D:1)
  7 goblins
  7 hobgoblins
  4 jackals (D:1)
  2 ball pythons (D:2)
  A frilled lizard (D:2)
  4 kobolds (D:1)
  4 rats
43 creatures vanquished.

Notes
Turn   | Place    | Note
-------+----------+-------------------------------------------
     0 | D:1      | grindst0ne the Spriggan Enchanter began the quest for the Orb.
     0 | D:1      | Reached XP level 1. HP: 9/9 MP: 5/5
   677 | D:1      | Reached skill level 5 in Stealth
   677 | D:1      | Reached XP level 2. HP: 13/13 MP: 6/6
   681 | D:1      | Learned a level 2 spell: Ensorcelled Hibernation
  1304 | D:1      | Reached XP level 3. HP: 9/16 MP: 8/8
  1309 | D:1      | Learned a level 3 spell: Confuse
  2035 | D:2      | Reached skill level 6 in Stealth
  2204 | D:3      | Found a hazy altar of Hepliaklqana.
  2220 | D:3      | Killed from afar by an orc priest

Vault maps used:
D:1:      dpeg_arrival_long_road
D:2:      minmay_wonky_spiral
D:3:      lemuel_coloured_pillars_altar, nicolae_overflow_hidden_temple

Skill      XL: |  1  2  3 |
---------------+----------+-----
Stealth        | 5 6 |  6.0
Hexes          | 4 |  4.8
Short Blades   | |  1.1
Dodging        | |  3.0
Spellcasting   | |  2.6

Action                   || total
-------------------------++-------
Melee: Dagger            ||   128
 Cast: Corona            ||    14
       Ensorcelled Hiber ||    27
 Stab: Sleeping          ||    26
       Distracted        ||     1
Armor: Robe              ||    13
Dodge: Dodged            ||   110
